AoeStats
← Pixu

Oasis

508140086Analyzed
4v4 RM · 11d ago on Sep 21, 2026· 40m 3s· 8 players
Game mode
Random Map
Map size
Large (8 player)
Population
200
Speed
Normal
Resources
Standard
Victory
Conquest
Starting age
Dark Age
Ending age
Imperial Age
RankedLock teamsTeams togetherTeam positionsShared explorationLock speedFull tech treeHidden civsTurbo modeCheats
Victory
Defeat
🇵🇪 Lithuanians · Peru
1110
+13
🇨🇦 Malians · Canada
1109
+13
🇦🇷 Mongols · Argentina
1057
+15
🇳🇿 Bohemians · New Zealand
1016
+18
🇨🇱 Wei · Chile
1099
-16
🇨🇱 Koreans · Chile
1066
-16
🇨🇱 Britons · Chile
1020
-14
🇨🇱 Bulgarians · Chile
1004
-13
BallonPrince5
7:01 Loom
9:18 Feudal Age
9:23 Man-at-Arms
13:41 Double-Bit Axe
16:03 Fletching
21:04 Castle Age
20:13 Padded Archer Armor
20:45 Gold Mining
21:13 Horse Collar
21:52 Crossbowman
23:48 Wheelbarrow
23:34 Bodkin Arrow
24:43 Leather Archer Armor
25:02 Town Watch
26:09 Bow Saw
27:11 Ballistics
27:50 Thumb Ring
30:27 Hand Cart
30:15 Heavy Plow
36:22 Imperial Age
34:40 Long Swordsman
35:21 Squires
35:06 Arson
35:29 Tigui
36:07 Scale Mail Armor
36:17 Forging
37:09 Chain Mail Armor
37:32 Conscription
36:40 Two-Handed Swordsman
38:06 Masonry
39:36 Plate Mail Armor
40:10 Iron Casting
40:10 Treadmill Crane
41:32 Chemistry
GonzaloMig
1:40 Loom
10:12 Feudal Age
11:02 Man-at-Arms
12:40 Wheelbarrow
11:50 Town Watch
13:33 Horse Collar
20:03 Double-Bit Axe
26:01 Castle Age
24:19 Fletching
24:35 Padded Archer Armor
25:41 Forging
25:33 Scale Mail Armor
25:32 Stone Mining
27:02 Bow Saw
27:08 Bodkin Arrow
26:51 Elite Skirmisher
28:26 Leather Archer Armor
33:34 Gold Mining
MACS-X
5:29 Loom
8:04 Loom
11:48 Feudal Age
17:06 Castle Age
15:28 Double-Bit Axe
15:31 Horse Collar
18:11 Wheelbarrow
22:24 Fervor
26:07 Hand Cart
30:31 Imperial Age
28:31 Heavy Plow
28:44 Bow Saw
29:41 Scale Barding Armor
29:47 Forging
29:50 Bloodlines
30:06 Husbandry
30:25 Bloodlines
31:14 Chain Barding Armor
31:04 Husbandry
30:34 Cavalier
31:37 Conscription
33:07 Iron Casting
34:49 Plate Barding Armor
36:39 Light Cavalry
36:55 Paladin
EmmaZNZ
11:10 Feudal Age
15:15 Castle Age
14:20 Double-Bit Axe
16:09 Bow Saw
16:47 Fervor
19:50 Sanctity
20:04 Loom
25:05 Horse Collar
27:18 Pikeman
35:34 Squires
37:46 Wheelbarrow
39:57 Imperial Age
37:53 Town Watch
38:24 Heavy Plow
39:32 Hand Cart
39:30 Forging
39:32 Town Patrol
abramix12
9:51 Loom
13:09 Feudal Age
14:59 Double-Bit Axe
20:16 Padded Archer Armor
22:22 Castle Age
Pixu
12:09 Feudal Age
12:33 Horse Collar
12:39 Double-Bit Axe
16:55 Loom
19:25 Castle Age
19:27 Bloodlines
20:06 Gold Mining
20:07 Stone Mining
20:58 Loom
28:11 Light Cavalry
30:33 Forging
31:36 Scale Barding Armor
32:18 Heavy Plow
35:05 Husbandry
36:12 Gold Shaft Mining
36:13 Stone Shaft Mining
36:40 Wheelbarrow
37:38 Hand Cart
LCsLA Skoll
9:35 Feudal Age
8:15 Loom
16:59 Fletching
17:29 Town Watch
21:38 Castle Age
20:37 Stone Mining
23:44 Double-Bit Axe
LavMani
9:26 Loom
11:41 Feudal Age
12:42 Double-Bit Axe
22:21 Castle Age
22:56 Stone Mining
23:55 Horse Collar
25:19 Crossbowman
25:57 Fletching
28:05 Wheelbarrow
28:53 Bodkin Arrow
31:19 Stone Shaft Mining
32:48 Gold Mining
33:14 Forging
33:16 Bow Saw
38:01 Imperial Age
37:43 Murder Holes
38:15 Forging
38:17 Elite Fire Lancer
39:05 Scale Mail Armor
Connection lost

Rejoining the realm…

Still unreachable

The connection could not be restored.

Session expired

The server has moved on; the page needs a fresh start.